General information
- name: BNet
- type: Ladder team game (AT/RT)
- host: Battle.net
- saver: ragelord
map: LastManStanding
- players: 8
- length: 43:09
- speed: Fast
- version: 1.26 W3XP
- replay type: Public
» download(232 KB)
Players
team 1 (loser)

»
PEPPERMINTPADDY (
red | 56 APM | 2422 actions | 43:06)
6 Crypt Lord
2 Carrion Beetles
3 Impale
1 Locust Swarm
» actions
| Assign group hotkey | 30 | |
| Basic commands | 16 | |
| Build / train | 149 | |
| Enter build submenu | 57 | |
| Enter hero's abilities submenu | 6 | |
| Give item / drop item | 4 | |
| Remove unit from queue | 2 | |
| Right click | 1429 | |
| Select / deselect | 592 | |
| Select group hotkey | 29 | |
| Use ability | 108 | |
2422 total
» units
| Acolyte | 23 | |
| Ghoul | 23 | |
| Crypt Fiend | 6 | |
| Goblin Sapper | 1 | |
| Frost Wyrm | 32 | |
| Goblin Zeppelin | 1 | |
| Wisp | 24 | |
| Chimaera | 4 | |
114 total
» upgrades
| Web | 1 | |
| Freezing Breath | 1 | |
| Creature Attack | 3 | |
| Creature Carapace | 2 | |
7 total
» buildings
| Ziggurat | 19 | |
| Altar of Darkness | 1 | |
| Crypt | 1 | |
| Tomb of Relics | 2 | |
| Graveyard | 1 | |
| Halls of the Dead | 1 | |
| Black Citadel | 1 | |
| Sacrificial Pit | 2 | |
| Boneyard | 3 | |
| Spirit Tower | 11 | |
| Ancient Protector | 25 | |
| Necropolis | 1 | |
| Nerubian Tower | 1 | |
69 total
» build order
00:07 Ziggurat
00:09 Altar of Darkness
00:17 Crypt
01:08 Ziggurat
02:10 Tomb of Relics
02:37 Graveyard
03:21 Ziggurat
04:00 Halls of the Dead
07:23 Black Citadel
09:15 Sacrificial Pit
10:16 Boneyard
10:19 Boneyard
10:22 Boneyard
11:17 Ziggurat
12:09 Ziggurat
13:19 Ziggurat
14:07 Ziggurat
14:08 Ziggurat
14:09 Ziggurat
15:01 Ziggurat
18:43 Spirit Tower
18:44 Spirit Tower
18:44 Spirit Tower
18:44 Spirit Tower
25:15 Ancient Protector
25:21 Ancient Protector
25:24 Ancient Protector
25:29 Ancient Protector
25:33 Ancient Protector
26:43 Ancient Protector
26:45 Ancient Protector
27:12 Ancient Protector
27:18 Ancient Protector
27:34 Ancient Protector
27:35 Ancient Protector
27:36 Ancient Protector
27:37 Ancient Protector
27:40 Ancient Protector
27:44 Necropolis
29:55 Spirit Tower
32:23 Ziggurat
33:21 Ziggurat
34:00 Ziggurat
34:01 Nerubian Tower
34:13 Ancient Protector
35:04 Spirit Tower
35:40 Spirit Tower
35:41 Spirit Tower
36:21 Ziggurat
36:32 Ancient Protector
37:30 Spirit Tower
38:07 Tomb of Relics
38:18 Ziggurat
38:19 Ziggurat
38:21 Ziggurat
38:23 Ziggurat
38:24 Ziggurat
38:40 Sacrificial Pit
39:27 Ancient Protector
39:30 Ancient Protector
39:30 Ancient Protector
39:44 Ancient Protector
39:46 Ancient Protector
40:25 Ancient Protector
40:33 Ancient Protector
40:43 Ancient Protector
40:45 Ancient Protector
» items
| Orb of Corruption | 1 | |
| Scroll of Town Portal | 1 | |
| Dust of Appearance | 2 | |
4 total

»
momackey (
green | 22 APM | 571 actions | 25:22)
3 Demon Hunter
2 Evasion
1 Immolation
2 Keeper of the Grove
1 Entangling Roots
1 Thorns Aura
» actions
| Assign group hotkey | 7 | |
| Build / train | 58 | |
| ESC pressed | 4 | |
| Enter build submenu | 19 | |
| Enter hero's abilities submenu | 5 | |
| Right click | 257 | |
| Select / deselect | 173 | |
| Select group hotkey | 21 | |
| Use ability | 26 | |
571 total
» units
| Wisp | 18 | |
| Archer | 6 | |
| Hippogryph | 8 | |
| Chimaera | 10 | |
42 total
» upgrades
| Strength of the Wild | 3 | |
| Reinforced Hides | 3 | |
| Corrosive Breath | 1 | |
7 total
» buildings
| Altar of Elders | 1 | |
| Moon Well | 8 | |
| Ancient of War | 1 | |
| Hunter's Hall | 1 | |
| Tree of Ages | 1 | |
| Tree of Eternity | 1 | |
| Ancient of Wind | 1 | |
| Tree of Life | 3 | |
| Chimaera Roost | 2 | |
| Ancient Protector | 1 | |
20 total
» build order
00:58 Altar of Elders
01:19 Moon Well
01:40 Ancient of War
01:59 Moon Well
02:30 Hunter's Hall
04:11 Moon Well
04:26 Tree of Ages
05:49 Moon Well
05:54 Moon Well
06:48 Tree of Eternity
06:54 Ancient of Wind
09:08 Tree of Life
09:51 Tree of Life
09:58 Chimaera Roost
10:02 Chimaera Roost
11:18 Moon Well
11:22 Moon Well
11:25 Moon Well
19:37 Tree of Life
20:28 Ancient Protector

»
RustyNails (
purple | 32 APM | 745 actions | 23:30)
4 Dark Ranger
2 Life Drain
2 Black Arrow
3 Demon Hunter
2 Evasion
1 Immolation
» actions
| Basic commands | 1 | |
| Build / train | 68 | |
| ESC pressed | 2 | |
| Enter build submenu | 20 | |
| Enter hero's abilities submenu | 7 | |
| Give item / drop item | 2 | |
| Right click | 378 | |
| Select / deselect | 222 | |
| Use ability | 45 | |
745 total
» units
| Wisp | 12 | |
| Archer | 19 | |
| Huntress | 3 | |
| Hippogryph | 13 | |
| Chimaera | 5 | |
52 total
» upgrades
| Hippogryph Taming | 1 | |
| Moon Armor | 1 | |
| Strength of the Moon | 1 | |
| Corrosive Breath | 1 | |
4 total
» buildings
| Moon Well | 9 | |
| Altar of Elders | 1 | |
| Ancient of War | 1 | |
| Tree of Ages | 1 | |
| Hunter's Hall | 1 | |
| Ancient of Wonders | 1 | |
| Ancient of Wind | 1 | |
| Tree of Eternity | 2 | |
| Ancient Protector | 3 | |
| Chimaera Roost | 2 | |
22 total
» build order
00:08 Moon Well
00:11 Altar of Elders
01:05 Ancient of War
01:43 Moon Well
01:57 Moon Well
02:59 Moon Well
03:02 Moon Well
03:51 Tree of Ages
04:18 Hunter's Hall
04:22 Ancient of Wonders
05:16 Moon Well
06:24 Ancient of Wind
07:16 Tree of Eternity
12:57 Tree of Eternity
13:25 Moon Well
13:30 Moon Well
13:36 Moon Well
15:17 Ancient Protector
15:30 Ancient Protector
15:34 Ancient Protector
16:15 Chimaera Roost
16:20 Chimaera Roost

»
heatty456 (
teal | 48 APM | 1770 actions | 37:10)
5 Firelord
3 Incinerate
2 Summon Lava Spawn
» actions
| Assign group hotkey | 13 | |
| Build / train | 127 | |
| Enter build submenu | 29 | |
| Enter hero's abilities submenu | 5 | |
| Remove unit from queue | 3 | |
| Right click | 940 | |
| Select / deselect | 598 | |
| Use ability | 55 | |
1770 total
» units
| Acolyte | 11 | |
| Ghoul | 13 | |
| Crypt Fiend | 20 | |
| Centaur Outrunner | 3 | |
| Necromancer | 20 | |
| Meatwagon | 5 | |
| Abomination | 1 | |
| Frost Wyrm | 15 | |
88 total
» upgrades
| Creature Attack | 2 | |
| Creature Carapace | 2 | |
| Unholy Strength | 2 | |
| Unholy Armor | 1 | |
| Web | 1 | |
| Necromancer Training | 2 | |
| Skeletal Longevity | 1 | |
| Exhume Corpses | 1 | |
| Disease Cloud | 1 | |
| Skeletal Mastery | 1 | |
| Freezing Breath | 1 | |
15 total
» buildings
| Altar of Darkness | 1 | |
| Ziggurat | 12 | |
| Crypt | 1 | |
| Nerubian Tower | 3 | |
| Graveyard | 2 | |
| Halls of the Dead | 2 | |
| Spirit Tower | 8 | |
| Temple of the Damned | 1 | |
| Black Citadel | 1 | |
| Slaughterhouse | 1 | |
| Sacrificial Pit | 1 | |
| Boneyard | 2 | |
35 total
» build order
00:13 Altar of Darkness
00:19 Ziggurat
00:46 Crypt
01:17 Nerubian Tower
01:41 Graveyard
02:29 Ziggurat
03:13 Ziggurat
03:27 Nerubian Tower
04:36 Nerubian Tower
05:51 Ziggurat
07:13 Halls of the Dead
07:50 Spirit Tower
08:12 Ziggurat
08:22 Ziggurat
08:50 Ziggurat
09:18 Spirit Tower
09:22 Ziggurat
09:27 Halls of the Dead
10:08 Ziggurat
10:11 Ziggurat
10:26 Ziggurat
10:28 Spirit Tower
10:29 Spirit Tower
10:46 Ziggurat
11:19 Spirit Tower
11:21 Spirit Tower
12:42 Temple of the Damned
12:44 Spirit Tower
13:02 Black Citadel
13:22 Spirit Tower
13:26 Slaughterhouse
14:20 Graveyard
18:01 Sacrificial Pit
19:18 Boneyard
19:35 Boneyard
team 2 (winner)
ovid.milk (
pink | 68 APM | 2946 actions | 43:07)
3 Blademaster
1 Wind Walk
1 Critical Strike
1 Bladestorm
4 Pit Lord
2 Rain of Fire
2 Howl of Terror
4 Archmage
2 Blizzard
2 Brilliance Aura
3 Dark Ranger
2 Silence
1 Black Arrow
» actions
| Assign group hotkey | 28 | |
| Basic commands | 20 | |
| Build / train | 185 | |
| Enter build submenu | 77 | |
| Enter hero's abilities submenu | 14 | |
| Give item / drop item | 8 | |
| Right click | 1363 | |
| Select / deselect | 647 | |
| Select group hotkey | 225 | |
| Use ability | 379 | |
2946 total
» units
| Peasant | 17 | |
| Peon | 15 | |
| Goblin Shredder | 11 | |
| Goblin Zeppelin | 6 | |
| Troll Batrider | 13 | |
| Goblin Sapper | 13 | |
75 total
» upgrades
| Masonry | 3 | |
| Reinforced Defenses | 1 | |
| Liquid Fire | 1 | |
| Magic Sentry | 1 | |
| Animal War Training | 1 | |
| Lumber Harvesting | 1 | |
| Ranged Weapons | 1 | |
| Flak Cannons | 1 | |
| Storm Hammers | 1 | |
| Cloud | 1 | |
12 total
» buildings
| Altar of Kings | 2 | |
| Farm | 13 | |
| Altar of Storms | 1 | |
| Orc Burrow | 5 | |
| Lumber Mill | 4 | |
| War Mill | 2 | |
| Voodoo Lounge | 1 | |
| Town Hall | 1 | |
| Scout Tower | 102 | |
| Stronghold | 3 | |
| Watch Tower | 10 | |
| Guard Tower | 25 | |
| Keep | 4 | |
| Fortress | 3 | |
| Beastiary | 3 | |
| Blacksmith | 1 | |
| Barracks | 1 | |
| Arcane Vault | 1 | |
| Arcane Sanctum | 1 | |
| Castle | 3 | |
| Arcane Tower | 2 | |
| Gryphon Aviary | 3 | |
| Workshop | 2 | |
| Cannon Tower | 1 | |
194 total
» build order
00:06 Altar of Kings
00:14 Farm
00:18 Altar of Storms
00:21 Orc Burrow
00:43 Lumber Mill
00:55 Farm
01:03 War Mill
01:43 Farm
01:47 Voodoo Lounge
01:58 Orc Burrow
03:47 Town Hall
03:51 Scout Tower
03:51 Scout Tower
03:53 Scout Tower
04:02 Scout Tower
04:21 Scout Tower
04:26 Scout Tower
04:27 Scout Tower
04:33 Stronghold
04:33 Stronghold
04:33 Stronghold
04:35 Watch Tower
04:35 Watch Tower
04:35 Watch Tower
04:36 Watch Tower
04:36 Watch Tower
04:37 Watch Tower
04:40 Scout Tower
04:41 Scout Tower
04:41 Scout Tower
04:43 Scout Tower
05:44 Guard Tower
05:45 Guard Tower
05:45 Guard Tower
05:52 Scout Tower
05:53 Farm
06:06 Guard Tower
06:17 Keep
06:17 Keep
06:18 Keep
06:19 Guard Tower
06:54 Fortress
06:54 Fortress
06:55 Beastiary
06:56 Beastiary
06:57 Beastiary
06:58 Orc Burrow
06:58 Orc Burrow
06:59 Orc Burrow
07:02 Watch Tower
07:03 Watch Tower
07:03 Watch Tower
07:04 Watch Tower
07:08 Scout Tower
07:08 Scout Tower
07:21 Guard Tower
07:24 Blacksmith
07:27 Barracks
07:28 Farm
07:29 Farm
07:29 Farm
07:33 Arcane Vault
07:35 Scout Tower
07:36 Scout Tower
07:37 Scout Tower
07:40 Scout Tower
07:40 Scout Tower
07:42 Scout Tower
07:51 Guard Tower
07:52 Guard Tower
09:42 Scout Tower
09:43 Scout Tower
09:43 Scout Tower
09:43 Scout Tower
09:45 Arcane Sanctum
10:07 Guard Tower
10:08 Castle
10:08 Castle
10:09 Castle
11:07 Arcane Tower
11:12 Scout Tower
11:13 Scout Tower
11:14 Scout Tower
11:15 Scout Tower
11:16 Scout Tower
11:18 Scout Tower
11:19 Scout Tower
11:20 Scout Tower
11:21 Scout Tower
11:25 Scout Tower
11:27 Scout Tower
11:28 Scout Tower
11:29 Scout Tower
11:30 Scout Tower
11:31 Scout Tower
11:32 Scout Tower
11:33 Scout Tower
11:34 Scout Tower
11:35 Scout Tower
11:35 Scout Tower
11:36 Scout Tower
11:44 Scout Tower
11:45 Scout Tower
11:48 Scout Tower
11:48 Scout Tower
11:52 Scout Tower
11:52 Scout Tower
11:54 Guard Tower
12:01 Lumber Mill
12:03 Guard Tower
12:14 Guard Tower
12:45 Guard Tower
12:50 Scout Tower
12:51 Scout Tower
12:51 Scout Tower
12:55 Guard Tower
12:57 Guard Tower
13:02 Guard Tower
13:09 Scout Tower
13:10 Scout Tower
13:11 Scout Tower
13:17 Scout Tower
13:18 Scout Tower
13:20 Scout Tower
13:21 Scout Tower
13:22 Scout Tower
13:23 Scout Tower
13:43 Gryphon Aviary
13:43 Gryphon Aviary
13:45 Gryphon Aviary
13:48 Workshop
13:48 Workshop
13:51 Farm
13:51 Farm
13:52 Farm
13:52 Farm
13:53 Farm
13:53 Farm
13:54 Scout Tower
13:55 Scout Tower
13:55 Scout Tower
13:59 Scout Tower
13:59 Scout Tower
13:59 Scout Tower
14:00 Scout Tower
14:01 Scout Tower
14:01 Scout Tower
14:02 Scout Tower
14:02 Scout Tower
14:02 Scout Tower
14:03 Scout Tower
14:03 Scout Tower
14:04 Scout Tower
14:04 Scout Tower
14:05 Scout Tower
14:05 Scout Tower
14:11 Scout Tower
14:11 Scout Tower
14:11 Scout Tower
14:11 Scout Tower
14:12 Scout Tower
14:12 Scout Tower
14:13 Scout Tower
14:53 Guard Tower
14:57 Scout Tower
14:57 Scout Tower
14:57 Scout Tower
14:59 Scout Tower
14:59 Scout Tower
14:59 Scout Tower
15:31 Lumber Mill
16:13 Guard Tower
16:23 War Mill
16:50 Guard Tower
17:11 Lumber Mill
17:19 Guard Tower
17:43 Guard Tower
18:39 Guard Tower
18:46 Guard Tower
21:18 Scout Tower
21:20 Scout Tower
21:20 Scout Tower
21:36 Scout Tower
21:37 Scout Tower
21:38 Scout Tower
21:39 Scout Tower
21:40 Scout Tower
24:24 Guard Tower
24:28 Cannon Tower
25:04 Arcane Tower
25:06 Guard Tower
34:43 Altar of Kings
» items
| Healing Salve | 2 | |
| Lesser Clarity Potion | 3 | |
| Scroll of Speed | 2 | |
| Orb of Lightning | 6 | |
| Mechanical Critter | 6 | |
| Scroll of Regeneration | 2 | |
| Staff of Sanctuary | 4 | |
| Orb of Corruption | 1 | |
26 total
ragelord (
yellow | 86 APM | 3719 actions | 43:09)
5 Archmage
3 Blizzard
2 Brilliance Aura
6 Death Knight
3 Death Coil
3 Unholy Aura
3 Blademaster
1 Critical Strike
2 Wind Walk
5 Pit Lord
3 Rain of Fire
2 Cleaving Attack
5 Lich
3 Frost Nova
2 Dark Ritual
3 Blood Mage
2 Flame Strike
1 Siphon Mana
» actions
| Assign group hotkey | 40 | |
| Basic commands | 98 | |
| Build / train | 195 | |
| ESC pressed | 1 | |
| Enter build submenu | 77 | |
| Enter hero's abilities submenu | 30 | |
| Give item / drop item | 11 | |
| Right click | 1380 | |
| Select / deselect | 586 | |
| Select group hotkey | 803 | |
| Use ability | 498 | |
3719 total
» units
| Peasant | 29 | |
| Ghoul | 2 | |
| Crypt Fiend | 4 | |
| Goblin Shredder | 2 | |
| Acolyte | 1 | |
| Frost Wyrm | 3 | |
| Troll Batrider | 14 | |
55 total
» upgrades
| Masonry | 3 | |
| Web | 1 | |
| Lumber Harvesting | 2 | |
| Creature Attack | 3 | |
| Creature Carapace | 3 | |
| Ranged Weapons | 2 | |
| Armor | 2 | |
| Freezing Breath | 1 | |
| Magic Sentry | 1 | |
| Ghoul Frenzy | 1 | |
| Burrow | 1 | |
| Sorceress Training | 1 | |
| Unholy Armor | 1 | |
| Unholy Strength | 1 | |
23 total
» buildings
| Altar of Kings | 1 | |
| Farm | 5 | |
| Graveyard | 1 | |
| Crypt | 1 | |
| Altar of Darkness | 1 | |
| Ziggurat | 10 | |
| Lumber Mill | 4 | |
| Tomb of Relics | 1 | |
| Scout Tower | 198 | |
| Guard Tower | 55 | |
| Halls of the Dead | 1 | |
| Nerubian Tower | 2 | |
| Town Hall | 2 | |
| Keep | 1 | |
| Black Citadel | 3 | |
| Sacrificial Pit | 1 | |
| Spirit Tower | 5 | |
| Arcane Vault | 2 | |
| Boneyard | 6 | |
| Arcane Sanctum | 1 | |
| Orc Burrow | 4 | |
| Beastiary | 5 | |
| Castle | 1 | |
311 total
» build order
00:07 Altar of Kings
00:10 Farm
00:14 Graveyard
00:15 Crypt
00:43 Altar of Darkness
00:44 Ziggurat
00:48 Ziggurat
00:57 Farm
00:59 Lumber Mill
01:28 Farm
02:02 Ziggurat
02:05 Tomb of Relics
02:34 Scout Tower
02:37 Scout Tower
02:48 Ziggurat
03:04 Guard Tower
03:05 Scout Tower
03:07 Guard Tower
03:08 Scout Tower
03:37 Guard Tower
03:40 Scout Tower
03:41 Guard Tower
03:42 Scout Tower
03:49 Halls of the Dead
03:50 Nerubian Tower
03:51 Nerubian Tower
04:20 Guard Tower
04:39 Town Hall
05:13 Ziggurat
05:14 Ziggurat
05:25 Keep
05:39 Farm
06:15 Black Citadel
06:15 Black Citadel
06:24 Scout Tower
06:25 Scout Tower
06:32 Farm
06:53 Scout Tower
06:54 Guard Tower
06:54 Guard Tower
06:58 Scout Tower
07:05 Scout Tower
07:06 Scout Tower
07:06 Scout Tower
07:07 Scout Tower
07:17 Scout Tower
07:17 Scout Tower
07:18 Scout Tower
07:18 Scout Tower
07:18 Scout Tower
07:19 Scout Tower
07:19 Scout Tower
07:19 Scout Tower
07:20 Scout Tower
07:20 Scout Tower
07:20 Scout Tower
07:21 Scout Tower
07:21 Scout Tower
07:22 Scout Tower
07:22 Scout Tower
07:26 Guard Tower
07:26 Guard Tower
07:29 Town Hall
07:31 Scout Tower
07:31 Scout Tower
07:32 Scout Tower
07:32 Scout Tower
07:33 Guard Tower
07:33 Guard Tower
08:04 Guard Tower
08:04 Guard Tower
08:11 Guard Tower
08:12 Guard Tower
08:30 Guard Tower
08:44 Sacrificial Pit
08:46 Spirit Tower
08:46 Spirit Tower
08:51 Guard Tower
08:51 Guard Tower
09:12 Guard Tower
09:19 Guard Tower
09:20 Scout Tower
09:21 Scout Tower
09:21 Scout Tower
09:23 Arcane Vault
09:29 Guard Tower
09:31 Arcane Vault
09:37 Scout Tower
09:38 Scout Tower
09:38 Scout Tower
09:38 Scout Tower
09:39 Scout Tower
09:39 Scout Tower
09:40 Scout Tower
09:40 Scout Tower
09:40 Scout Tower
09:41 Scout Tower
09:42 Scout Tower
09:42 Scout Tower
09:42 Scout Tower
10:05 Guard Tower
10:07 Scout Tower
10:07 Scout Tower
10:08 Scout Tower
10:09 Scout Tower
10:10 Scout Tower
10:10 Scout Tower
10:11 Scout Tower
10:12 Scout Tower
10:12 Scout Tower
10:13 Scout Tower
10:40 Guard Tower
11:08 Guard Tower
11:15 Boneyard
11:16 Boneyard
11:16 Boneyard
11:35 Guard Tower
11:36 Guard Tower
11:38 Scout Tower
11:38 Scout Tower
11:38 Scout Tower
11:38 Scout Tower
11:39 Scout Tower
11:40 Scout Tower
11:40 Scout Tower
11:40 Scout Tower
11:45 Spirit Tower
11:46 Spirit Tower
11:51 Guard Tower
11:58 Scout Tower
12:00 Scout Tower
12:01 Scout Tower
12:02 Scout Tower
12:05 Guard Tower
12:08 Arcane Sanctum
12:13 Orc Burrow
12:14 Orc Burrow
12:14 Orc Burrow
12:16 Orc Burrow
12:23 Guard Tower
12:23 Guard Tower
12:31 Scout Tower
12:31 Scout Tower
12:31 Scout Tower
12:32 Scout Tower
12:32 Scout Tower
13:09 Beastiary
13:10 Beastiary
13:11 Beastiary
13:11 Beastiary
13:12 Beastiary
13:36 Scout Tower
13:36 Scout Tower
13:37 Scout Tower
13:37 Scout Tower
13:38 Scout Tower
13:39 Scout Tower
13:39 Scout Tower
13:39 Scout Tower
13:39 Scout Tower
13:40 Scout Tower
13:41 Scout Tower
13:41 Scout Tower
13:42 Scout Tower
13:42 Scout Tower
13:42 Scout Tower
13:42 Scout Tower
13:43 Scout Tower
13:45 Guard Tower
13:51 Scout Tower
13:51 Scout Tower
13:52 Scout Tower
13:52 Scout Tower
13:52 Scout Tower
13:53 Scout Tower
13:53 Scout Tower
14:13 Castle
15:15 Guard Tower
15:36 Guard Tower
15:38 Scout Tower
15:38 Scout Tower
15:39 Scout Tower
15:39 Scout Tower
15:43 Guard Tower
16:17 Guard Tower
16:19 Scout Tower
16:19 Scout Tower
16:19 Scout Tower
16:19 Scout Tower
16:20 Scout Tower
16:21 Scout Tower
16:21 Scout Tower
16:21 Scout Tower
16:22 Scout Tower
16:23 Scout Tower
16:23 Scout Tower
16:24 Scout Tower
16:24 Scout Tower
16:24 Scout Tower
16:25 Scout Tower
16:25 Scout Tower
16:26 Scout Tower
16:26 Scout Tower
16:27 Scout Tower
16:27 Scout Tower
16:28 Scout Tower
16:28 Scout Tower
16:29 Scout Tower
16:29 Scout Tower
16:45 Guard Tower
18:23 Guard Tower
18:27 Scout Tower
18:27 Scout Tower
18:28 Scout Tower
18:28 Scout Tower
18:28 Scout Tower
18:29 Scout Tower
18:30 Scout Tower
18:30 Scout Tower
18:30 Scout Tower
18:31 Scout Tower
18:31 Scout Tower
18:31 Scout Tower
18:32 Scout Tower
19:49 Guard Tower
19:52 Guard Tower
19:55 Guard Tower
19:57 Guard Tower
20:07 Ziggurat
20:09 Ziggurat
20:10 Ziggurat
20:13 Ziggurat
20:25 Guard Tower
20:29 Scout Tower
20:29 Scout Tower
20:30 Scout Tower
20:30 Scout Tower
20:30 Scout Tower
20:31 Scout Tower
20:31 Scout Tower
20:32 Scout Tower
20:44 Scout Tower
20:44 Scout Tower
20:45 Scout Tower
20:45 Scout Tower
20:46 Scout Tower
20:46 Scout Tower
20:47 Scout Tower
20:47 Scout Tower
20:48 Scout Tower
21:02 Guard Tower
21:10 Lumber Mill
21:33 Guard Tower
22:42 Guard Tower
22:45 Guard Tower
23:56 Guard Tower
24:07 Guard Tower
24:07 Guard Tower
24:31 Lumber Mill
25:23 Scout Tower
25:23 Scout Tower
25:23 Scout Tower
25:24 Scout Tower
25:25 Scout Tower
25:25 Scout Tower
25:25 Scout Tower
25:26 Scout Tower
25:26 Scout Tower
25:26 Scout Tower
25:33 Scout Tower
25:33 Scout Tower
25:33 Scout Tower
25:35 Scout Tower
25:35 Scout Tower
25:35 Scout Tower
25:36 Scout Tower
25:37 Scout Tower
25:37 Scout Tower
25:38 Scout Tower
25:38 Scout Tower
25:40 Scout Tower
25:41 Scout Tower
25:41 Scout Tower
25:41 Scout Tower
25:45 Lumber Mill
26:53 Guard Tower
26:59 Boneyard
27:00 Boneyard
27:01 Spirit Tower
27:03 Boneyard
27:05 Guard Tower
27:39 Scout Tower
27:39 Scout Tower
27:39 Scout Tower
27:39 Scout Tower
27:40 Scout Tower
27:40 Scout Tower
29:15 Guard Tower
» items
| Orb of Corruption | 2 | |
| Ivory Tower | 3 | |
| Staff of Sanctuary | 1 | |
| Orb of Lightning | 3 | |
| Scroll of Town Portal | 3 | |
| Scroll of Regeneration | 1 | |
13 total
HSK.MIKKI (
blue | 71 APM | 10 actions | 00:08)
Chat log
(00:12 / All) RustyNails: gg
(00:17 / Allies) ragelord: hmm
(00:21 / Allies) ragelord: i say still tower
(00:23 / All) PEPPERMINTPADDY: not yet
(00:23 / Allies) ovid.milk: k
(00:25 / Allies) ragelord: u get orange
(00:28 / All) RustyNails: ok
(04:22 / Allies) ragelord: TH OFF
(04:29 / Allies) ovid.milk: o
(08:24 / Allies) ragelord: need towerws
(08:26 / Allies) ragelord: at choke
(08:27 / Allies) ragelord: and get bats asap
(08:34 / Allies) ovid.milk: spiders wyrms hippo riders for 2o f them
(08:37 / Allies) ovid.milk: tahts their team comp
(09:29 / Allies) ovid.milk: what orc heros hsould i get if any
(09:33 / Allies) ragelord: jstu the bats
(10:48 / Allies) ragelord: do your share
(10:50 / Allies) ragelord: of towering
(14:00 / Allies) ragelord: share
(14:37 / Allies) ragelord: first batch of bats
(14:42 / Allies) ragelord: exploding on hipps
(17:26 / Allies) ragelord: shouldi bat the elf main
(17:40 / Allies) ovid.milk: if u can
(22:43 / Allies) ovid.milk: were the bats
(23:18 / All) RustyNails: gg
(23:20 / All) RustyNails: you too
(23:24 / All) RustyNails: we lose
(23:26 / All) ragelord: yes
(23:27 / All) ovid.milk: BG 2 EZ
(23:27 / All) RustyNails: we are idiots
(23:27 / All) ragelord: u do
(23:28 / All) ragelord: easy
(23:31 / All) ovid.milk: FUCKING MORONS
(23:38 / All) ragelord: now ragequit because you cant 3v2
(27:20 / Allies) ragelord: the number of orc shops should have been 15
(27:27 / Allies) ragelord: i raped myself so many time trying to walk to that one
(27:33 / Allies) ragelord: then telling him to do something else
(27:35 / Allies) ragelord: ebfor eh got hrtere
(28:26 / Allies) ovid.milk: massive air inc
(28:28 / Allies) ragelord: yea
(28:32 / Allies) ragelord: jeffys last stand
(28:44 / Allies) ovid.milk: may as well give him something to do while he masses up
(29:00 / All) PEPPERMINTPADDY: i cna leave my comp on all night
(29:12 / All) ragelord: why would you do that
(29:21 / All) PEPPERMINTPADDY: why not?
(29:22 / Allies) ragelord: our bat man is poor
(30:01 / Allies) ovid.milk: oops
(30:03 / Allies) ovid.milk: i died over water
(30:05 / Allies) ragelord: the orc is over food
(30:08 / Allies) ragelord: dont gol him til hes udner 50
(30:20 / Allies) ovid.milk: should i slay his wood peons
(30:29 / Allies) ragelord: u manage teh bm
(31:43 / All) PEPPERMINTPADDY: omg teal is so stupid
(31:58 / Allies) ovid.milk: look at him chasing the invis bm
(32:04 / All) ovid.milk: you mean you hack? and youre THIS bad??
(34:59 / Allies) ragelord: tp?
(35:36 / Allies) ovid.milk: this guy gave up on mannering
(35:40 / Allies) ovid.milk: and obvious hacked after the invis bm
(36:00 / Allies) ragelord: ud is over food
(36:03 / Allies) ragelord: but hes also fucking rich
(36:06 / Allies) ragelord: so no need to gold him
(37:13 / All) ovid.milk: RAPED
(37:15 / All) ovid.milk: RAPED
(37:16 / All) ovid.milk: SHITTY HACKERS
(37:19 / All) ragelord: easy joke game
(37:20 / All) ovid.milk: WHOOPS MISSED THE BM
(37:22 / All) ovid.milk: FAT FINGERS
(37:23 / All) ragelord: tower defense is harder than this
(37:24 / All) ovid.milk: EAT LESS BURRITOS
(37:53 / Allies) ragelord: orc is gover food now
(40:21 / All) PEPPERMINTPADDY: lol
(40:23 / Allies) ragelord: his dream
(40:23 / Allies) ovid.milk: whoops
(40:35 / Allies) ragelord: you manage bats
(40:37 / Allies) ragelord: ill lure air with aoe
(40:39 / Allies) ragelord: into a cluster
(40:41 / Allies) ragelord: get 2 groups or something